 Dungeon Crawl Stone Soup version 0.30-a0-1093-gcfb1e0cf12 (webtiles) character file.

Game seed: 5178599243366948432

855 FlurksSlurper the Sneak (level 7, 0/54 HPs)
             Began as a Demonspawn Brigand on Apr 17, 2023.
             Splashed by a jelly's acid (10 damage)
             ... on level 5 of the Dungeon.
             The game lasted 00:07:04 (3060 turns).

FlurksSlurper the Sneak (Demonspawn Brigand)        Turns: 3060, Time: 00:07:04

Health: 0/54       AC:  1    Str: 12    XL:     7   Next: 70%
Magic:  7/7        EV: 13    Int: 14    God:
Gold:   213        SH:  0    Dex: 14    Spells: 6/6 levels left

rFire   . . .      SeeInvis .    m - +1 mace (drain)
rCold   . . .      Faith    .    c - orb {mayhem}
rNeg    . . .      Spirit   .    b - +0 robe
rPois   .          Reflect  .    (no helmet)
rElec   .          Rampage  .    x - +0 cloak
rCorr   .                        (no gloves)
Will    .....                    (no boots)
Stlth   +++                      (no amulet)
HPRegen 0.29/turn                (no ring)
MPRegen 0.10/turn                (no ring)

@: corroded
A: slimy green scales 1, powered by pain 2, spiny 1
a: no special abilities


You were on level 5 of the Dungeon.
You visited 1 branch of the dungeon, and saw 4 of its levels.

You collected 252 gold pieces.
You spent 39 gold pieces at shops.

Inventory:

Hand Weapons
 a - a +2 dagger
 m - a +1 mace of draining (weapon)
Missiles
 e - a curare-tipped dart (quivered)
Armour
 b - a +0 robe (worn)
 c - an orb of mayhem (worn)
 x - a +0 cloak (worn)
Scrolls
 i - 3 scrolls of identify
 k - a scroll of immolation
 l - 2 scrolls of enchant weapon {unknown}
 o - 2 scrolls of vulnerability {unknown}
 q - 2 scrolls of silence {unknown}
 r - 2 scrolls of magic mapping {unknown}
 s - 2 scrolls of enchant armour {unknown}
 u - a scroll of acquirement {unknown}
 v - a scroll of blinking {unknown}
 y - a scroll of teleportation {unknown}
Potions
 f - a potion of cancellation {unknown}
 g - a potion of heal wounds {unknown}
 h - 4 potions of curing
 j - a potion of haste {unknown}
 n - a potion of brilliance {unknown}
 p - 3 potions of might {unknown}
 t - a potion of berserk rage {unknown}
 w - a potion of mutation {unknown}
 z - a potion of flight {unknown}


   Skills:
 + Level 4.2 Fighting
 + Level 3.9 Short Blades
 + Level 3.9 Throwing
 + Level 3.4 Dodging
 + Level 5.3 Stealth


You had 6 spell levels left.
You didn't know any spells.
Your spell library contained the following spells:

 Spells                   Type           Power      Damage    Failure   Level
 Inner Flame              Hex/Fire       0%         N/A       65%         3
 Yara's Violent Unravell  Hex/Tmut       0%         3d3       100%        5
 Eringya's Noxious Bog    Tmut/Pois      0%         N/A       100%        6
 Enfeeble                 Hex            0%         N/A       100%        7
 Summon Hydra             Summ           0%         N/A       100%        7


Dungeon Overview and Level Annotations

Branches:
Dungeon (3/15)

Altars:
Ashenzari
Yredelemnul

Shops:
D:2 !


Innate Abilities, Weirdness & Mutations

You are partially covered in slimy green scales. (AC +2)
You sometimes gain power by taking damage.
You are partially covered in sharp spines.


Message History

Press: ? - help, Q - select action, (/) - cycle Shift-Dir - straight line, f - jelly
Aim: a jelly (90% to hit)
You throw a poisoned dart. The poisoned dart hits the jelly.
Unknown command.
Throw: dart (poison)
Press: ? - help, Q - select action, (/) - cycle Shift-Dir - straight line, f - orc priest, p - jelly
Aim: an orc priest, wielding a +0 club (62% to hit)
You throw a poisoned dart.
The poisoned dart closely misses the orc priest.
The poisoned dart hits the orc priest.
The orc priest is poisoned.
Throw: 2 darts (curare)
Press: ? - help, Q - select action Shift-Dir - straight line, f/p - orc priest
Aim: an orc priest, wielding a +0 club (62% to hit)
You throw a curare-tipped dart.
The curare-tipped dart hits the orc priest.
The orc priest is poisoned.
The orc priest convulses.
The orc priest seems to slow down.
The orc priest is heavily wounded.
You hit the jelly.
Your hands burn!
The jelly is moderately wounded.
The jelly hits you but does no damage.
The orc priest calls down the wrath of Beogh upon you.
Beogh smites you! The jelly closely misses you.
The orc priest calls down the wrath of Beogh upon you.
Beogh smites you!
You hit the jelly. The acid corrodes you!
Your hands burn!
The jelly is severely wounded.
The jelly hits you but does no damage.
The orc priest calls upon Beogh to heal the orc priest.
The orc priest's wounds heal themselves!
Unknown command.
You hit the jelly.
Your hands burn!
The jelly is almost dead.
The orc priest mumbles some strange prayers to Beogh against you.
Beogh smites you!
* * * LOW HITPOINT WARNING * * *
The jelly hits you.
* * * LOW HITPOINT WARNING * * *
You are splashed with acid!
You die...

#.###..........# ..#
#..............# #..#
#####.###'##...# #..# # ≈
#.# #.# #.##...# #..#.# ~~
#.###.###.##...#####..#.#...
..........................
#.###...#.............#.#.##
#.###.#.####.....Joo.(......
........#.......@#..o)(((...
#.###.###.##.###.######.#.##
#.# #.# . #.. ... # #.# #.#
#.. ##.## #.###.# #. #.#
......# ... #.##### ..# ..#
... ###


You could see a jelly and 2 orc priests.

Vanquished Creatures
  A hornet (D:5)
  Sigmund (D:3)
  Menkaure (D:5)
  An ice beast (D:5)
  A bullfrog (D:5)
  An orc priest (D:5)
  An orc wizard (D:5)
  2 iguanas (D:5)
  5 adders
  A white imp (D:5)
  2 dart slugs
  2 worms
  2 orcs (D:5)
  13 ball pythons
  5 bats
  An endoplasm (D:2)
  A giant cockroach (D:2)
  8 goblins
  7 hobgoblins
  5 jackals (D:1)
  4 kobolds
  2 quokkas (D:1)
  2 frilled lizards
  6 rats
75 creatures vanquished.

Vanquished Creatures (collateral kills)
  An orc (D:5)
1 creature vanquished.

Vanquished Creatures (others)
  An orc (D:5)
1 creature vanquished.

Grand Total: 77 creatures vanquished

Notes
Turn   | Place    | Note
-------+----------+-------------------------------------------
     0 | D:1      | FlurksSlurper the Demonspawn Brigand began the quest for
                  | the Orb.
     0 | D:1      | Reached XP level 1. HP: 16/16 MP: 1/1
    67 | D:1      | Reached skill level 1 in Dodging
   175 | D:1      | Gained mutation: You sometimes gain a little power by
                  | taking damage. [demonic ancestry]
   175 | D:1      | Reached XP level 2. HP: 22/22 MP: 2/2
   615 | D:1      | Got the Codex of Summoned Transformation
   666 | D:1      | Reached XP level 3. HP: 17/28 MP: 3/3
  1058 | D:2      | Reached skill level 4 in Stealth
  1080 | D:2      | Found Sumoot's Distillery.
  1113 | D:2      | Bought a potion of curing for 39 gold pieces
  1122 | D:2      | Found a broken altar of Ashenzari.
  1312 | D:2      | Reached XP level 4. HP: 31/34 MP: 4/4
  1795 | D:3      | Noticed Sigmund
  1818 | D:3      | Killed Sigmund
  1819 | D:3      | Gained mutation: You are partially covered in sharp spines.
                  | [demonic ancestry]
  1819 | D:3      | Reached XP level 5. HP: 16/41 MP: 5/5
  2290 | D:3      | Gained mutation: You are partially covered in slimy green
                  | scales. (AC +2) [demonic ancestry]
  2290 | D:3      | Reached XP level 6. HP: 42/47 MP: 6/6
  2376 | D:3      | You fall into a shaft and drop 2 floors!
  2376 | D:5      | Entered Level 5 of the Dungeon
  2380 | D:5      | Noticed Menkaure
  2380 | D:5      | Noticed a hornet
  2385 | D:5      | Found a basalt altar of Yredelemnul.
  2779 | D:5      | Killed a hornet
  2780 | D:5      | Gained mutation: You sometimes gain power by taking damage.
                  | [demonic ancestry]
  2780 | D:5      | Reached XP level 7. HP: 46/53 MP: 7/7
  2786 | D:5      | Killed Menkaure
  2787 | D:5      | Reached skill level 5 in Stealth
  3060 | D:5      | Splashed by a jelly's acid

Illustrated notes

Levels and vault maps discovered:
D:1:      sevenhm_arrival_forest_fort_large_4, layout_basic, minivault_25
D:2:      layout_loops_ring, serial_shops, nicolae_shop_trees, basic_altar,
          minmay_liquid_box, st_stairs_1
D:3:      layout_loops_ring, okawaru_altar_gauntlet_db, uniq_natasha,
          uniq_sigmund, uniq_ijyb
D:5:      layout_basic, amcnicky_altar_gilded, minivault_14, uniq_menkaure

Skill      XL: |  1  2  3  4  5  6  7 |
---------------+----------------------+-----
Dodging        | 1 2 3 |  3.4
Short Blades   | 2 3 |  3.9
Throwing       | 2 3 |  3.9
Stealth        | 4 5 |  5.3
Fighting       | 3 4 |  4.2

Action                     |  1- 3 |  4- 6 |  7- 9 || total
---------------------------+-------+-------+-------++-------
  Melee: Dagger            |    52 |       |       ||    52
         Mace              |    35 |    59 |    19 ||   113
  Throw: Dart              |    26 |    19 |     8 ||    53
    Use: Scroll            |     1 |       |       ||     1
   Stab: Sleeping          |     4 |     1 |       ||     5
 Armour: Robe              |    24 |    15 |     9 ||    48
  Dodge: Dodged            |    68 |    43 |    10 ||   121

Table legend: (Time is in decaauts)
 A = Elapsed time spent in this place.
 B = Non-inter-level travel time spent in this place.
 C = Inter-level travel time spent in this place.
 D = Time resting spent in this place.
 E = Time spent auto-exploring this place.
 F = Levels seen in this place.
 G = Mean time per level.
                   A        B        C        D        E       F      G
               +--------+--------+--------+--------+--------+-----+--------+
         Total |   3092 |   3026 |     66 |    329 |   2031 |   4 |  773.0 |
       Dungeon |   3092 |   3026 |     66 |    329 |   2031 |   4 |  773.0 |
               +--------+--------+--------+--------+--------+-----+--------+

Top non-repeatable levels by time:
     D:1: 1040 daAuts
     D:2: 711 daAuts
     D:5: 692 daAuts
     D:3: 647 daAuts
